 Dungeon Crawl Stone Soup version 0.29-a0-330-g52719c12eb (webtiles) character file.

Game seed: 14839245263224627713

219 kae the Firebug (level 5, -17/41 HPs)
             Began as a Demigod Fire Elementalist on Apr 21, 2022.
             Demolished by an ogre
             ... wielding a +0 giant spiked club
              (18 damage)
             ... on level 4 of the Dungeon.
             The game lasted 00:02:06 (4204 turns).

kae the Firebug (Demigod Fire Elementalist)         Turns: 4204, Time: 00:02:06

Health: -17/41     AC:  2    Str:  9    XL:     5   Next: 36%
Magic:  9/12       EV: 11    Int: 21    God:
Gold:   123        SH:  4    Dex: 14    Spells: 3/9 levels left

rFire   . . .      SeeInvis .   f - +2 short sword (venom)
rCold   + . .      Faith    .   m - +1 buckler
rNeg    . . .      Spirit   .   a - +0 robe
rPois   .          Reflect  .   (no helmet)
rElec   .          Harm     .   (no cloak)
rCorr   .          Rampage  .   (no gloves)
Will    .....                   (no boots)
Stlth   ++........              (no amulet)
HPRegen 0.13/turn               c - ring of protection from cold
MPRegen 0.13/turn               (no ring)

@: no status effects
A: high MP 1, forlorn, divine attributes
a: no special abilities


You were on level 4 of the Dungeon.
You visited 1 branch of the dungeon, and saw 4 of its levels.

You collected 162 gold pieces.
You spent 39 gold pieces at shops.

Inventory:

Hand Weapons
 f - a +2 short sword of venom (weapon)
Armour
 a - a +0 robe (worn)
 m - a +1 buckler (worn)
Jewellery
 c - a ring of protection from cold (left hand)
 k - a ring of ice
Wands
 p - a wand of mindburst (18)
Scrolls
 i - a scroll of identify
 l - a scroll of vulnerability {unknown}
 n - a scroll of teleportation {unknown}
 o - a scroll of summoning {unknown}
Potions
 b - 2 potions of mutation
 d - 2 potions of magic
 e - 2 potions of degeneration
 g - a potion of curing
 h - a potion of brilliance


   Skills:
 + Level 1.9 Fighting
 - Level 1.7 Dodging
 - Level 1.7 Stealth
 + Level 2.7 Spellcasting
 + Level 2.3 Conjurations
 * Level 4.2 Fire Magic


You had 3 spell levels left.
You knew the following spells:

 Your Spells              Type           Power      Damage    Failure   Level
a - Foxfire               Conj/Fire      64%        2x1d7     4%          1
b - Scorch                Fire           40%        2d7       4%          2
c - Conjure Flame         Conj/Fire      16%        6-21      14%         3

Your spell library contained the following spells:

 Spells                   Type           Power      Damage    Failure   Level
 Inner Flame              Hex/Fire       11%        N/A       24%         3
 Ozocubu's Armour         Ice            2%         N/A       50%         3
 Flame Wave               Conj/Fire      16%        2d6       43%         4
 Ozocubu's Refrigeration  Ice            1%         4d5       100%        7


Dungeon Overview and Level Annotations

Branches:
Dungeon (4/15)
 Temple: D:4-7

Shops:
D:3 !


Innate Abilities, Weirdness & Mutations

You have an increased reservoir of magic. (+10% MP)
You shall have no god before yourself.
Your divine heritage dramatically boosts your attributes as you level up.


Message History

You conjure some foxfire!
The goblin hits you with a +0 dagger.
The foxfire hits the goblin!
You kill the goblin!
A goblin comes into view. It is wielding a +0 dagger.
There are monsters nearby!
There are monsters nearby!
You closely miss the goblin.
A goblin comes into view. It is wielding a +0 club.
The goblin closely misses you.
You puncture the goblin!
You kill the goblin!
You hit the ogre.
The ogre is poisoned.
The ogre is moderately wounded.
The ogre hits you with a +0 giant spiked club!!
Ouch! That really hurt!
* * * LOW HITPOINT WARNING * * *
You hit the ogre.
The ogre is heavily wounded.
A goblin comes into view. It is wielding a +0 club.
The ogre closely misses you.
Okay, then.
You feel better.
Casting: Foxfire (safe; 4% risk of failure)
Confirm with . or Enter, or press ? or * to list all spells.
Flames lash the goblin.
You kill the goblin!
You block the ogre's attack.
The ogre hits you with a +0 giant spiked club!!
* * * LOW HITPOINT WARNING * * *
Unknown command.
Casting: Scorch (safe; 4% risk of failure)
Confirm with . or Enter, or press ? or * to list all spells.
You conjure some foxfire!
The foxfire hits the ogre but does no damage.
The ogre is heavily wounded.
The foxfire hits the ogre.
The ogre is severely wounded.
The ogre attacks as you move away!
The ogre hits you with a +0 giant spiked club!!
You die...

#...##.# ########...###
######.)##.#
####..##...
##...##...#.#####
#........#.
##................
...#######.
#............##### #.##
###. #.........)..### #
####.(.
#..............# .#
#....##
##...........#.####...#
##.#####
###..>.........@....#
##..###..
#.......#####gO..####
##<.###..# #.......#
#g##.# #..###..##
#.......#..gg.# .#
#..#....##
#.......#(.)### ..
....##.####
###.###|#### ####..#
#.# #. #.# .... ..# #.
#.. ##.. ..## #. ##..
#. ##.


You could see an ogre (very poisoned) and 4 goblins.

Vanquished Creatures
  An orc wizard (D:3)
  4 gnolls (D:3)
  6 adders
  A worm (D:2)
  A dart slug (D:1)
  5 orcs
  8 endoplasms
  4 giant cockroaches
  8 goblins
  7 hobgoblins
  8 quokkas
  10 ball pythons
  6 bats
  3 frilled lizards
  9 kobolds
  7 rats
88 creatures vanquished.

Vanquished Creatures (others)
  256 foxfires
  3 plants (D:1)
259 creatures vanquished.

Grand Total: 347 creatures vanquished

Notes
Turn   | Place    | Note
-------+----------+-------------------------------------------
     0 | D:1      | kae the Demigod Fire Elementalist began the quest for the
                  | Orb.
     0 | D:1      | Reached XP level 1. HP: 14/14 MP: 5/5
   135 | D:1      | Reached skill level 1 in Conjurations
   199 | D:1      | Reached skill level 3 in Fire Magic
   199 | D:1      | Reached XP level 2. HP: 14/22 MP: 2/7
  1104 | D:1      | Reached XP level 3. HP: 27/27 MP: 4/8
  1580 | D:2      | Reached skill level 1 in Fighting
  1583 | D:2      | Learned a level 2 spell: Scorch
  1692 | D:2      | Learned a level 3 spell: Conjure Flame
  2345 | D:2      | Reached XP level 4. HP: 34/35 MP: 5/10
  3251 | D:3      | Reached skill level 4 in Fire Magic
  3251 | D:3      | Reached XP level 5. HP: 39/41 MP: 8/11
  3579 | D:3      | Found Zeurch's Distillery.
  3604 | D:3      | Bought a potion of curing for 39 gold pieces
  4188 | D:4      | Noticed an ogre
  4200 | D:4      | HP: 1/41 [ogre/+0 giant spiked club (18)]
  4204 | D:4      | Demolished by an ogre

Illustrated notes

Levels and vault maps discovered:
D:1:      lemuel_arrival_rhombus, layout_loops_cross,
          hellmonk_ecumenical_altar_zigzags, minmay_shallow_snake_nest
D:2:      layout_loops_ring
D:3:      layout_basic, serial_shops, nicolae_shop_statue_plus
D:4:      layout_rooms, minmay_ogre_servants

Skill      XL: |  1  2  3  4 |
---------------+-------------+-----
Conjurations   | 1 2 |  2.3
Fire Magic     | 3 4 |  4.2
Spellcasting   | 2 |  2.7
Fighting       | 1 |  1.9
Dodging        | |  1.7
Stealth        | |  1.7

Action                   |  1- 3 |  4- 6 || total
-------------------------+-------+-------++-------
Melee: Unarmed           |     5 |       ||     5
       Short sword       |    13 |    13 ||    26
 Cast: Foxfire           |    90 |    70 ||   160
       Scorch            |     8 |     5 ||    13
  Use: Potion            |     1 |     1 ||     2
       Scroll            |       |     5 ||     5
 Stab: Sleeping          |     1 |       ||     1
Armor: Robe              |    10 |     4 ||    14
Dodge: Dodged            |    33 |    11 ||    44
Block: Buckler           |     1 |     7 ||     8

Table legend: (Time is in decaauts)
 A = Elapsed time spent in this place.
 B = Non-inter-level travel time spent in this place.
 C = Inter-level travel time spent in this place.
 D = Time resting spent in this place.
 E = Time spent auto-exploring this place.
 F = Levels seen in this place.
 G = Mean time per level.
                   A        B        C        D        E       F      G
               +--------+--------+--------+--------+--------+-----+--------+
         Total |   4204 |   4164 |     40 |    315 |   3188 |   4 | 1051.0 |
       Dungeon |   4204 |   4164 |     40 |    315 |   3188 |   4 | 1051.0 |
               +--------+--------+--------+--------+--------+-----+--------+

Top non-repeatable levels by time:
     D:1: 1512 daAuts
     D:2: 1274 daAuts
     D:3: 1114 daAuts
     D:4: 302 daAuts
